 Dungeon Crawl Stone Soup version 0.30.0-13-g156ef70053 (webtiles) character file.

Game seed: 13476359934684619122

6542 AlmostDecent the Severer (level 10, -3/90 HPs)
             Began as a Minotaur Berserker on May 18, 2023.
             Was a Priest of Trog.
             Slain by a phantasmal warrior (25 damage)
             ... on level 1 of the Abyss.
             The game lasted 00:20:01 (6949 turns).

AlmostDecent the Severer (Minotaur Berserker)       Turns: 6949, Time: 00:20:02

Health: -3/90      AC: 16    Str: 24    XL:     10   Next: 70%
Magic:  9/9        EV:  8    Int:  4    God:    Trog [***...]
Gold:   389        SH:  0    Dex: 12    Spells: 9/9 levels left

rFire   . . .        I - +1 war axe (drain)
rCold   + . .        (no shield)
rNeg    . . .        d - +1 plate armour
rPois   .            (helmet restricted)
rElec   .            (no cloak)
rCorr   .            h - +0 pair of gloves
SInv    .            (no boots)
Will    ++...        (no amulet) Stlth
                     t - ring of protection from cold
HPRegen 1.00/turn    (no ring)
MPRegen 0.11/turn

%: no passive effects
@: strong-willed, on berserk cooldown, sick, regenerating, slowed, very slow
A: horns 2, retaliatory headbutt
a: Renounce Religion, Berserk, Trog's Hand


You were on level 1 of the Abyss.
You worshipped Trog.
Trog was most pleased with you.
You visited 1 branch of the dungeon, and saw 8 of its levels.
You visited the Abyss 1 time.

You collected 389 gold pieces.

Inventory:

Hand Weapons
 i - a +3 flail
 I - a +1 war axe of draining (weapon)
Missiles
 x - 2 boomerangs (quivered)
Armour
 d - a +1 plate armour (worn)
 h - a +0 pair of gloves (worn)
 l - a +0 helmet
 H - a +1 ring mail of poison resistance
Jewellery
 t - a ring of protection from cold (left hand)
 u - a ring of flight
 D - a ring of fire
Wands
 c - a wand of roots (6)
 k - a wand of digging (8)
 B - a wand of paralysis (5)
Scrolls
 e - 2 scrolls of teleportation
 j - 2 scrolls of brand weapon
 o - 2 scrolls of enchant armour
 p - a scroll of blinking
 q - 2 scrolls of fog
 y - 3 scrolls of fear
 G - a scroll of enchant weapon
Potions
 b - 2 potions of flight
 g - 2 potions of might
 m - a potion of resistance
 n - a potion of heal wounds
 r - 5 potions of curing
 A - a potion of magic {unknown}
 E - 3 potions of brilliance {unknown}


   Skills:
 + Level 8.8 Fighting
 * Level 15.2 Axes
 + Level 9.5 Armour
 + Level 2.9 Dodging
 + Level 0.2 Stealth


You had 9 spell levels left.
You didn't know any spells.
Your spell library was empty.

Dungeon Overview and Level Annotations

Branches:
Dungeon (8/15)             Temple (0/1) D:6            Lair (0/5) D:8

Altars:
Dithmenos
Makhleb
Okawaru
Uskayaw
Vehumet
Yredelemnul
The Shining One

Shops:
D:7 *


Innate Abilities, Weirdness & Mutations

You have a pair of horns on your head.
You reflexively headbutt those who attack you in melee.


Message History

The worldbinder is moderately damaged.
You barely miss the swamp drake. The swamp drake bites you.
You hit the worldbinder.
The worldbinder is heavily damaged.
You completely miss the swamp drake.
The worldbinder calls forth creatures from the Swamp!
You barely miss the worldbinder. You headbutt the worldbinder!
The worldbinder is severely damaged.
You closely miss the bog body. You slash the swamp drake!
The swamp drake disappears in a puff of smoke!
The worldbinder hits you but does no damage. x2
The swamp drake bites you but does no damage.
You hit the worldbinder. You headbutt the worldbinder.
You destroy the worldbinder!
Trog accepts your kill.
The swamp drake disappears in a puff of smoke!
The bog body disappears in a puff of smoke! x2
No target in view!
You feel a strong urge to attack something.
A phantasmal warrior comes into view.
You feel your anger nearly subside.
You are no longer berserk.
You are exhausted.
You feel yourself slow down. The phantasmal warrior gestures at you.
The phantasmal warrior blinks!
You barely miss the phantasmal warrior.
Your headbutt misses the phantasmal warrior.
The phantasmal warrior barely misses you.
You hit the phantasmal warrior.
The phantasmal warrior is lightly damaged.
The phantasmal warrior hits you!!
You hit the phantasmal warrior but do no damage.
The phantasmal warrior is lightly damaged.
The phantasmal warrior hits you!!
* * * LOW HITPOINT WARNING * * *
You hit the phantasmal warrior but do no damage.
Your headbutt misses the phantasmal warrior.
The phantasmal warrior is lightly damaged.
The phantasmal warrior hits you!!
You die...

##.# ..# ## .##
..#. # . # ...
##..#### ## #. ###.
#.###..#.#.# #. .
.. ..... ..#.#. #
.#..# #
......#..#.§.#
#...#.#.
#...#.#..#§.......#
## . #......#§ ..#
. .. ..
#W@#...§#.#. . .##
#.#...# .....#
...## ..
#......#..#..#. #
## #########.# .#
..# . . .... #. ...
.


You could see a phantasmal warrior.

Vanquished Creatures
  5 death yaks (D:7)
  Pikel (D:5)
  A worldbinder (Abyss:1)
  2 ancient zymes (Abyss:1)
  A shadow (Abyss:1)
  A wyvern (D:7)
  A steam dragon (D:6)
  3 water moccasins (D:7)
  2 ice beasts
  A black bear (D:5)
  A sky beast (D:7)
  3 centaurs
  3 bullfrogs
  2 scorpions
  3 jellies (D:6)
  3 hounds
  A gnoll bouda (D:4)
  An orc priest (D:3)
  3 iguanas
  20 gnolls
  7 adders
  6 river rats (D:6)
  2 shadow imps
  2 white imps
  2 ufetubi
  A dart slug (D:3)
  13 orcs
  4 bats
  6 endoplasms
  5 giant cockroaches
  5 goblins
  6 hobgoblins
  8 jackals (D:1)
  10 quokkas
  10 ball pythons
  2 frilled lizards (D:1)
  9 kobolds
  29 rats
185 creatures vanquished.

Notes
Turn   | Place    | Note
-------+----------+-------------------------------------------
     0 | D:1      | AlmostDecent the Minotaur Berserker began the quest for the
                  | Orb.
     0 | D:1      | Reached XP level 1. HP: 19/19 MP: 0/0
   206 | D:1      | Reached XP level 2. HP: 26/27 MP: 1/1
   215 | D:1      | Reached skill level 4 in Axes
   486 | D:1      | Reached ** piety under Trog
   544 | D:1      | Reached XP level 3. HP: 22/34 MP: 2/2
  1744 | D:3      | Reached XP level 4. HP: 41/41 MP: 3/3
  1788 | D:3      | Reached skill level 5 in Axes
  2096 | D:3      | Reached XP level 5. HP: 18/47 MP: 4/4
  2231 | D:3      | Reached skill level 5 in Fighting
  2323 | D:3      | Found a basalt altar of Yredelemnul.
  2326 | D:3      | Found a burning altar of Makhleb.
  2329 | D:3      | Found a hide-covered altar of Uskayaw.
  2343 | D:3      | Found a shadowy altar of Dithmenos.
  2359 | D:3      | Reached skill level 6 in Axes
  2802 | D:4      | Reached XP level 6. HP: 56/56 MP: 5/5
  2806 | D:4      | Reached *** piety under Trog
  3140 | D:4      | Found an iron altar of Okawaru.
  3152 | D:4      | Reached skill level 7 in Axes
  3536 | D:5      | Entered Level 5 of the Dungeon
  3638 | D:5      | Reached XP level 7. HP: 56/61 MP: 6/6
  3716 | D:5      | Noticed Pikel
  3722 | D:5      | Paralysed by Pikel for 2 turns
  3732 | D:5      | Killed Pikel
  3733 | D:5      | Reached skill level 9 in Axes
  3733 | D:5      | Reached skill level 5 in Armour
  3733 | D:5      | Reached XP level 8. HP: 70/70 MP: 7/7
  4267 | D:6      | Found a radiant altar of Vehumet.
  4310 | D:6      | Found a glowing golden altar of the Shining One.
  4592 | D:6      | Found a staircase to the Ecumenical Temple.
  4764 | D:6      | Reached skill level 10 in Axes
  5142 | D:6      | Reached skill level 11 in Axes
  5152 | D:6      | Reached **** piety under Trog
  5548 | D:7      | Found Necash's Serpentskin Sales.
  5554 | D:7      | Reached XP level 9. HP: 64/78 MP: 8/8
  5925 | D:7      | Reached skill level 12 in Axes
  6326 | D:8      | Noticed a death yak
  6326 | D:8      | Noticed a death yak
  6326 | D:8      | Noticed a death yak
  6326 | D:8      | Noticed a death yak
  6326 | D:8      | Found a staircase to the Lair.
  6329 | D:8      | Noticed a death yak
  6330 | D:8      | Noticed a death yak
  6338 | D:7      | Killed a death yak
  6395 | D:8      | Reached skill level 13 in Axes
  6648 | D:7      | Killed a death yak
  6652 | D:7      | Killed a death yak
  6652 | D:7      | Killed a death yak
  6653 | D:7      | Reached skill level 14 in Axes
  6653 | D:7      | Reached XP level 10. HP: 54/88 MP: 9/9
  6802 | D:7      | Killed a death yak
  6842 | Abyss:1  | Cast into level 1 of the Abyss (gnoll)
  6908 | Abyss:1  | Reached skill level 15 in Axes
  6929 | Abyss:1  | Noticed a worldbinder
  6940 | Abyss:1  | Noticed a bog body
  6940 | Abyss:1  | Noticed a bog body
  6941 | Abyss:1  | Killed a worldbinder
  6944 | Abyss:1  | Noticed a phantasmal warrior
  6949 | Abyss:1  | Slain by a phantasmal warrior

Illustrated notes

Levels and vault maps discovered:
D:1:      lightli_arrival_quake, layout_loops_corners, kennysheep_boxes
D:2:      layout_basic
D:3:      layout_basic, grunt_temple_overflow_cloverleaf
D:4:      layout_rooms, mainiacjoe_overflow_chevrons
D:5:      layout_loops_ring, uniq_pikel
D:6:      lemuel_ratsnest, layout_basic,
          mainiacjoe_overflow_concentric_impassable,
          mainiacjoe_overflow_small_starburst, temple_fountains
D:7:      layout_basic, minivault_24, minmay_misc_feat_x, guppyfry_shop_venom
D:8:      layout_rooms, dpeg_lair_monsters, serial_nicolae_subway,
          nicolae_sub_station_stone, nicolae_sub_station_crystal,
          nicolae_sub_station_metal
Abyss:1:  base: D:8, minivault_24, hangedman_decor_riveting

Skill      XL: |  1  2  3  4  5  6  7  8  9 10 |
---------------+-------------------------------+-----
Axes           | 4 5 6 7 9 11 14 15 | 15.2
Fighting       | 4 5 6 8 |  8.8
Armour         | 3 4 5 6 8 9 |  9.5
Dodging        | |  2.9
Stealth        | |  0.2

Action                     |  1- 3 |  4- 6 |  7- 9 | 10-12 || total
---------------------------+-------+-------+-------+-------++-------
  Melee: Hand axe          |    97 |   140 |   161 |       ||   398
         Headbutt          |    16 |    16 |    43 |    17 ||    92
         Punch             |       |     1 |     1 |     1 ||     3
         War axe           |       |       |    44 |    35 ||    79
 Invoke: Berserk           |     1 |     3 |     7 |     3 ||    14
         Trog's Hand       |       |     1 |     1 |     2 ||     4
    Use: Scroll            |       |     5 |    19 |       ||    24
 Armour: Plate armour      |    63 |    76 |   157 |    23 ||   319
  Dodge: Dodged            |    34 |    36 |    66 |    22 ||   158
